 Dungeon Crawl Stone Soup version 0.28.0-45-g0d030f2227 (webtiles) character file.

Game seed: 1960652597290664090

16 AnnaDunkelherz the Poker (level 2, -1/22 HPs)
             Began as a Merfolk Gladiator on Apr 16, 2022.
             Succumbed to an adder's poison
             ... on level 3 of the Dungeon.
             The game lasted 00:08:34 (731 turns).

AnnaDunkelherz the Poker (Merfolk Gladiator)         Turns: 731, Time: 00:08:34

Health: -1/22      AC:  9    Str: 14    XL:     2   Next: 54%
Magic:  2/2        EV:  7    Int:  7    God:
Gold:   10         SH:  0    Dex: 15    Spells: 1/1 levels left

rFire   + . .      SeeInvis .   a - +0 trident
rCold   . . .      Faith    .   (no shield)
rNeg    . . .      Spirit   .   j - +0 chain mail
rPois   .          Reflect  .   c - +0 helmet
rElec   .          Harm     .   (no cloak)
rCorr   .          Rampage  .   (no gloves)
Will    .....                   (no boots)
Stlth   ..........              (no amulet)
HPRegen 0.07/turn               g - ring of protection from fire
MPRegen 0.08/turn               (no ring)

@: lethally poisoned (-1 -> -10)
A: (nimble swimmer 2), mertail
a: no special abilities


You were on level 3 of the Dungeon.
You visited 1 branch of the dungeon, and saw 3 of its levels.

You collected 10 gold pieces.

Inventory:

Hand Weapons
 a - a +0 trident (weapon)
 k - a +0 dagger
 l - a +0 dagger
Missiles
 d - 3 throwing nets (quivered)
 m - 5 stones
 n - 5 large rocks
Armour
 b - a +0 leather armour
 c - a +0 helmet (worn)
 f - a +0 leather armour
 j - a +0 chain mail (worn)
Jewellery
 g - a ring of protection from fire (left hand)
Scrolls
 e - a scroll of identify {unknown}
 h - a scroll of vulnerability {unknown}
 i - a scroll of enchant armour {unknown}


   Skills:
 + Level 2.3 Fighting
 + Level 4.9 Polearms
 + Level 2.1 Throwing
 + Level 4.5 Dodging


You had one spell level left.
You didn't know any spells.
Your spell library was empty.

Dungeon Overview and Level Annotations

Branches:
Dungeon (3/15)

Altars:


Innate Abilities, Weirdness & Mutations

((You are very nimble when in or above water. (Stealth+, EV+, Speed+++)))
Your lower body shifts to a powerful aquatic tail in water.


Message History

There is a stone staircase leading up here.
An adder comes into view.
Found a stone staircase leading down.
The adder barely misses you.
A quokka comes into view.
Found 16 stones.
The adder bites you but does no damage. x2
You closely miss the adder. The adder bites you but does no damage.
You closely miss the adder. The adder closely misses you.
You hit the adder but do no damage. The adder closely misses you.
The adder bites you but does no damage.
You miss the adder. The adder bites you but does no damage.
You hit the quokka but do no damage. The adder bites you.
You are poisoned.
The adder poisons you! The quokka bites you. The adder bites you.
You are more poisoned.
The adder poisons you!
You miss the quokka.
You feel very sick.
The quokka bites you but does no damage.
The adder bites you but does no damage. The quokka closely misses you.
You barely miss the quokka.
You feel sick. The adder bites you.
The quokka bites you but does no damage.
You hit the quokka but do no damage.
You feel sick. The adder bites you.
* * * LOW HITPOINT WARNING * * *
The quokka bites you but does no damage.
The adder bites you.
* * * LOW HITPOINT WARNING * * *
You are more poisoned.
The adder poisons you!
There is a lethal amount of poison in your body!
You puncture the quokka!
You kill the quokka!
* * * LOW HITPOINT WARNING * * *
You feel very sick. The adder barely misses you.
There is a lethal amount of poison in your body!
You aren't carrying any potions.
There is a lethal amount of poison in your body!
You barely miss the adder.
You die...

###..###...≈..
#.........≈≈...
#.##.##........
#.##.##........
#.##..#........
#.###.#≈......#
#.# #..#≈.....#
#.# ##.S......#
#.# #..@†.....#
#.# #+#........
##########.#
.........
#<.........#
..........
############
......≈≈...
........≈...
#(....>......
##....###....


You could see an adder.

Vanquished Creatures
  An adder skeleton (D:2)
  A goblin (D:1)
  3 hobgoblins
  2 jackals (D:1)
  A kobold (D:1)
  A quokka (D:3)
  2 bats (D:1)
11 creatures vanquished.

Vanquished Creatures (others)
  14 plants (D:1)
14 creatures vanquished.

Grand Total: 25 creatures vanquished

Notes
Turn   | Place    | Note
-------+----------+-------------------------------------------
     0 | D:1      | AnnaDunkelherz the Merfolk Gladiator began the quest for
                  | the Orb.
     0 | D:1      | Reached XP level 1. HP: 16/16 MP: 1/1
     2 | D:1      | You fall into a shaft and drop 1 floor!
   164 | D:1      | Reached XP level 2. HP: 16/22 MP: 2/2
   730 | D:3      | HP: 1/22 [poisoned by an adder]
   731 | D:3      | Succumbed to an adder's poison

Illustrated notes

Levels and vault maps discovered:
D:1:      shiori_arrival_oz, layout_rooms, serial_bayou_pond_d, minivault_24,
          serial_bayou_lagoon_a, palyth_stone_intersect, minmay_misc_feat_iff,
          chequers_serial_rivers_small_b
D:2:      layout_rooms
D:3:      layout_basic, kennysheep_decorative_pillar

Action                   || total
-------------------------++-------
Melee: Trident           ||   100
       Tailslap          ||    11
       Punch             ||     3
Throw: Throwing net      ||     1
Armor: Chain mail        ||    54
       Leather armour    ||     2
Dodge: Dodged            ||    36
